[Event "*** Titled Tuesday Blitz"]
[Site "Chess.com"]
[Date "2019.02.05"]
[Round "10"]
[White "Fivetrick"]
[Black "vgyogi"]
[Result "0-1"]
[WhiteElo "2505"]
[BlackElo "2109"]
[TimeControl "180+2"]
[EndTime "15:26:36 PST"]
[Termination "vgyogi won on time"]

1. e4 c5 2. Nf3 g6 3. d4 cxd4 4. Nxd4 Bg7 5. Nc3 Nc6 6. Be3 Nf6 7. Bc4 Qa5 8. O-O O-O 9. Bb3 d6 10. h3 Qc7 11. Re1 a6 12. f4 Na5 13. Nf3 Nxb3 14.
axb3 Rd8 15. Qe2 Be6 16. e5 dxe5 17. fxe5 Nd5 18. Nxd5 Bxd5 19. Bf4 e6 20. c4 Bc6 21. Rad1 Rxd1 22. Rxd1 Rd8 23. Rd6 Bf8 24. Rd2 Bc5+ 25. Kh1 Rxd2 26. Bxd2 Qb6 27. Qd3 Qc7 28. Bg5 Bf8 29.
Bf6 Bg7 30. Nd4 Qd7 31. Nxc6 Qxd3 0-1

[Event "*** Titled Tuesday Blitz"]
[Site "Chess.com"]
[Date "2019.02.05"]
[Round "10"]
[White "Satscho"]
[Black "mousavian_hamed"]
[Result "1-0"]
[WhiteElo "2342"]
[BlackElo "2476"]
[TimeControl "180+2"]
[EndTime "15:26:38 PST"]
[Termination "Satscho won by resignation"]

1. e4 c5 2. Nf3 Nc6 3. Bb5 g6 4. Bxc6 dxc6 5. d3 Bg7 6. h3 Nf6 7. O-O Nd7 8. Nc3 e5 9. Be3 b6 10. Qd2 Qe7 11. Bh6 Bxh6 12. Qxh6 f6 13. Nh4 Nf8 14.
Rae1 g5 15. Nf5 Bxf5 16. exf5 O-O-O 17. Ne4 Nd7 18. Qh5 Kc7 19. c3 Qg7 20. Rd1 Rhe8 21. Rfe1 Nf8 22. a4 Rd5 23. a5 Red8 24. axb6+ axb6 25. Ra1 Kb7 26. Ra4 b5 27. Ra5 Kb6 28. Rea1 Qb7 29.
c4 Rxd3 30. Ra6+ Kc7 31. Nxc5 Qc8 32. Nxd3 Rxd3 33. cxb5 Qxf5 34. Rxc6+ Kb7 35. Qf7+ Nd7 36. Rac1 Rd2 37. Rc7+ Kb6 38. R1c6+ Ka5 39. Qa2+ Kb4 40. Qc4+ 1-0

[Event "*** Titled Tuesday Blitz"]
[Site "Chess.com"]
[Date "2019.02.05"]
[Round "10"]
[White "xLuring1"]
[Black "otrov-11"]
[Result "1-0"]
[WhiteElo "2329"]
[BlackElo "2312"]
[TimeControl "180+2"]
[EndTime "15:26:42 PST"]
[Termination "xLuring1 won by checkmate"]

1. e4 e6 2. d3 d5 3. Nd2 Nf6 4. Ngf3 Be7 5. g3 O-O 6. Bg2 c5 7. O-O Nc6 8. e5 Ne8 9. Re1 b5 10. Nf1 b4 11. h4 a5 12. N1h2 Nc7 13. Bf4 a4 14. a3 bxa3 15. bxa3 Nb5 16. Ng5 Nbd4 17.
Rc1 Nf5 18. c4 Ncd4 19. Nhf3 Nb3 20. Rb1 dxc4 21. Nd2 Rb8 22. dxc4 Bb7 23. Qh5 Bxg5 24. Bxg5 Qd3 25. Ne4 h6 26. Rbd1 Qxc4 27. Qg4 Bxe4 28.
Rxe4 Qc2 29. Bf6 Kh8 30. Rc4 Qa2 31. Be4 gxf6 32. Bxf5 Rg8 33. Qh5 Kg7 34. Rg4+ Kf8 35. Qxh6+ Ke7 36. Qxf6+ Kf8 37. Rd8+ Rxd8 38. Qxd8# 1-0

[Event "*** Titled Tuesday Blitz"]
[Site "Chess.com"]
[Date "2019.02.05"]
[Round "10"]
[White "VerdeNotte"]
[Black "WPWPWP-2015"]
[Result "1-0"]
[WhiteElo "2825"]
[BlackElo "2334"]
[TimeControl "180+2"]
[EndTime "15:26:44 PST"]
[Termination "VerdeNotte won on time"]

1. a3 e5 2. c4 Nf6 3. Nc3 d5 4. cxd5 Nxd5 5. Nf3 Nc6 6. g3 Be6 7. Bg2 Be7 8. O-O O-O 9. d4 exd4 10. Nxd4 Nxd4 11. Nxd5 Bxd5 12. Qxd4 Bxg2 13. Qxd8 Rfxd8 14. Kxg2 Bf6 15. Rb1 c5 16. Be3 c4 17. Rfc1 b5 18.
Rc2 Rd5 19. a4 a6 20. Ra1 Rb8 21. axb5 axb5 22. Bf4 Re8 23. Ra5 g5 24. Be3 Rc8 25.
Bb6 Kg7 26. e4 Rd6 27. Rxb5 Rb8 28. Bc7 Rxb5 29. Bxd6 Rxb2 30. Rxc4 Re2 31. e5 Bd8 32.
Bc5 h5 33. Kf3 Re1 34. Be3 g4+ 35. Kf4 Rh1 36. Kf5 Rxh2 37. Rc8 Be7 38. Rc7 Kf8 39. Rc8+ Kg7 40. Bd4 h4 41. e6+ f6 42. Rc7 Kf8 43. Kg6 1-0

[Event "*** Titled Tuesday Blitz"]
[Site "Chess.com"]
[Date "2019.02.05"]
[Round "10"]
[White "playerorkinyo"]
[Black "BillForster"]
[Result "1-0"]
[WhiteElo "2326"]
[BlackElo "1722"]
[TimeControl "180+2"]
[EndTime "15:26:44 PST"]
[Termination "playerorkinyo won by resignation"]

1. d4 d5 2. c4 c6 3. Nf3 Nf6 4. e3 e6 5. Nbd2 Nbd7 6. b3 Bb4 7. Bb2 Ne4 8. a3 Bc3 9. Bxc3 Nxc3 10. Qc2 Ne4 11.
Nxe4 dxe4 12. Qxe4 Nf6 13. Qc2 O-O 14. Bd3 Qe7 15.
O-O c5 16. dxc5 Qxc5 17. b4 Qe7 18. Ne5 Bd7 19. Rfd1 Rfd8 20. c5 Be8 21. Be2 Rac8 22. Bf3 b6 23. c6 Nd5 24. b5 f6 25. Bxd5 Rxd5 26. Rxd5 exd5 27. Nf3 Qc5 28. Nd4 a6 29. a4 axb5 30. axb5 Qb4 31. Qf5 Ra8 32. Qxd5+ Kh8 33. Rf1 Ra3 34. c7 1-0

[Event "*** Titled Tuesday Blitz"]
[Site "Chess.com"]
[Date "2019.02.05"]
[Round "10"]
[White "AttilaTurzo"]
[Black "gmjlh"]
[Result "0-1"]
[WhiteElo "2421"]
[BlackElo "2705"]
[TimeControl "180+2"]
[EndTime "15:26:47 PST"]
[Termination "gmjlh won by resignation"]

1. d4 Nf6 2. Nf3 d5 3. Bf4 e6 4.
e3 Bd6 5. Bg3 O-O 6. Nbd2 c5 7.
c3 Qc7 8. Bd3 Nbd7 9. Qe2 e5 10.
dxe5 Nxe5 11. Nxe5 Bxe5 12. Bxe5 Qxe5 13. O-O Bg4 14.
Nf3 Qh5 15. h3 Bxf3 16. Qxf3 Qxf3 17. gxf3 Rfd8 18. Rfd1 Kf8 19. Rd2 Ke7 20. Rad1 Rd6 21. Bf5 g6 22. Bd3 Rad8 23. Kf1 Nh5 24. f4 Nf6 25. h4 Rb6 26. Bb1 Rdd6 27. Ke2 Ra6 28.
b3 Rd7 29. Bd3 Rad6 30. Bb1 Ke6 31. f3 Nh5 32. Rg1 d4 33. cxd4 cxd4 34. Rgd1 Ng3+ 35. Kf2 dxe3+ 36. Kxe3 Rxd2 37. Rxd2 Nf1+ 38. Ke2 Rxd2+ 39. Kxf1 Rd1+ 40. Ke2 Rxb1 0-1

[Event "*** Titled Tuesday Blitz"]
[Site "Chess.com"]
[Date "2019.02.05"]
[Round "10"]
[White "SergioGarciaFuentes"]
[Black "TristanCalistri"]
[Result "1-0"]
[WhiteElo "2011"]
[BlackElo "2232"]
[TimeControl "180+2"]
[EndTime "15:26:49 PST"]
[Termination "SergioGarciaFuentes won by resignation"]

1. d4 Nf6 2. Nf3 g6 3. Bf4 Bg7 4. h3 O-O 5. e3 c5 6. c3 b6 7.
Be2 Bb7 8. Nbd2 d6 9. O-O Nbd7 10. Bh2 a6 11. a4 Ra7 12. Re1 Qa8 13. Bd3 cxd4 14.
exd4 Re8 15. Bc4 Bc6 16. Qb3 Nd5 17. Nf1 b5 18. axb5 axb5 19. Rxa7 Qxa7 20. Bxd5 Bxd5 21.
Qxd5 Qa4 22. Ng5 e6 23. Qxd6 Nf6 24. Be5 Qa7 25. Qc6 Ra8 26. Qxb5 h6 27. Nf3 Nd5 28. Bxg7 Kxg7 29. Qe2 Kg8 30. Qd2 Qa6 31. Qxh6 Qd3 32. Ng3 Ra2 33. Ng5 Nf6 34. N3e4 1-0

[Event "*** Titled Tuesday Blitz"]
[Site "Chess.com"]
[Date "2019.02.05"]
[Round "10"]
[White "Zaven_ChessMood"]
[Black "Alekseyviktorovich"]
[Result "1-0"]
[WhiteElo "2877"]
[BlackElo "2361"]
[TimeControl "180+2"]
[EndTime "15:26:50 PST"]
[Termination "Zaven_ChessMood won by resignation"]

1. e4 c6 2. d3 d5 3. Nd2 e5 4.
Ngf3 Nd7 5. g3 Ngf6 6. Bg2 dxe4 7. dxe4 Be7 8. O-O O-O 9. Re1 a5 10. a4 Qc7 11. Nh4 g6 12. Nf1 Re8 13. Bg5 Nc5 14. h3 Ne6 15. Bh6 Rd8 16. Nd2 Nc5 17. Qe2 Be6 18.
Nhf3 Nh5 19. b3 Rd7 20. Be3 Rad8 21. Ng5 Bxg5 22. Bxg5 f6 23. Be3 Qd6 24. Nc4 Bxc4 25. Qxc4+ Ne6 26. Bb6 Re8 27. Bxa5 Kg7 28. Bc3 Nd4 29.
Rad1 b5 30. Qd3 b4 31. Bxd4 exd4 32. a5 c5 33. Ra1 Rde7 34. a6 f5 35. e5 Rxe5 36.
Rxe5 Qxe5 37. a7 f4 38. Qe4 Qxe4 39. Bxe4 fxg3 40. a8=Q gxf2+ 41. Kxf2 1-0

[Event "*** Titled Tuesday Blitz"]
[Site "Chess.com"]
[Date "2019.02.05"]
[Round "10"]
[White "Supernotar"]
[Black "albi1999"]
[Result "1-0"]
[WhiteElo "2500"]
[BlackElo "2490"]
[TimeControl "180+2"]
[EndTime "15:26:50 PST"]
[Termination "Supernotar won by resignation"]

1. d4 d5 2. c4 e6 3. Nf3 Nf6 4. e3 b6 5. Nbd2 Bd6 6. b3 O-O 7.
Bb2 Bb7 8. Bd3 Nbd7 9. Qe2 Ne4 10. O-O f5 11. cxd5 exd5 12. Ba6 Bxa6 13. Qxa6 Qe7 14.
Qb5 Ndf6 15. Qc6 Qe8 16. Rac1 Qxc6 17. Rxc6 Kf7 18. Rfc1 a5 19. a4 Rfc8 20. Kf1 Ke8 21. Ke2 Ng8 22. R6c2 Ne7 23. Nb1 c6 24. Ba3 Bxa3 25.
Nxa3 Kd7 26. Ne5+ Kd6 27. f3 Nf6 28. Kd3 Nd7 29. Nxc6 Nxc6 30. Rxc6+ Rxc6 31. Nb5+ Ke6 32. Rxc6+ Ke7 33. Rd6 Rd8 34. Rxd5 Nc5+ 35. Kc4 Rxd5 36. Kxd5 Nxb3 37. Kc6 Nd2 38. Na3 Nf1 39. e4 f4 40. Kc7 Ne3 41. d5 1-0

[Event "*** Titled Tuesday Blitz"]
[Site "Chess.com"]
[Date "2019.02.05"]
[Round "10"]
[White "Kirill_Klukin"]
[Black "Maikrosoft63"]
[Result "1-0"]
[WhiteElo "2636"]
[BlackElo "2567"]
[TimeControl "180+2"]
[EndTime "15:26:53 PST"]
[Termination "Kirill_Klukin won by resignation"]

1. Nf3 Nf6 2. d4 e6 3. g3 a6 4. Bg2 b5 5. a4 b4 6. Ne5 d5 7. O-O Bb7 8. c3 a5 9. Nd2 Nbd7 10. Nd3 bxc3 11. bxc3 c5 12. Ba3 c4 13. Bxf8 Kxf8 14.
Ne5 Nxe5 15. dxe5 Nd7 16. Nxc4 Qc7 17. Nd6 Nxe5 18. Nxb7 Qxb7 19. Qd4 Qc7 20. Rab1 f6 21. f4 Nc4 22. f5 Ke7 23. fxe6 Rad8 24. Rb5 Ne5 25.
Rfb1 Rb8 26. Qxd5 Rxb5 27. Rxb5 Rd8 28. Rb7 Rxd5 29. Rxc7+ Kd6 30. e7 Rd1+ 31. Bf1 Kxc7 32. e8=Q Kd6 33. Qd8+ Nd7 34. Kf2 Rd5 35. Bh3 Kc6 36.
Qc8+ 1-0

[Event "*** Titled Tuesday Blitz"]
[Site "Chess.com"]
[Date "2019.02.05"]
[Round "10"]
[White "matiss90"]
[Black "NateSolon"]
[Result "1-0"]
[WhiteElo "2477"]
[BlackElo "2534"]
[TimeControl "180+2"]
[EndTime "15:27:01 PST"]
[Termination "matiss90 won by checkmate"]

1. e4 c5 2. Nf3 d6 3. d4 cxd4 4. Nxd4 Nf6 5. Nc3 Nc6 6. Bc4 e6 7. Be3 a6 8. Qe2 Na5 9. Bd3 b5 10. g4 Bb7 11. g5 Nd7 12. b4 Rc8 13. bxa5 Rxc3 14. O-O Be7 15. f4 O-O 16. Rf3 Nc5 17. Rh3 g6 18. Bd2 Ra3 19. Nb3 Nxb3 20. cxb3 d5 21. e5 Bc5+ 22. Kf1 Bd4 23. Rd1 Rxa2 24. Qg4 Qe7 25. Qh4 h5 26. gxh6 Qxh4 27. Rxh4 Kh7 28. Rg4 Rc8 29. h4 Kxh6 30. f5+ Rxd2 31. Rxd2 gxf5 32.
Rxd4 Rc3 33. Rg2 Rxb3 34. Ke2 f4 35. Rxf4 Rb2+ 36. Kf1 Rb3 37. Rf6+ Kh5 38. Be2+ Kxh4 39. Rh6# 1-0

[Event "*** Titled Tuesday Blitz"]
[Site "Chess.com"]
[Date "2019.02.05"]
[Round "10"]
[White "j2806"]
[Black "Morshynska"]
[Result "0-1"]
[WhiteElo "1810"]
[BlackElo "2070"]
[TimeControl "180+2"]
[EndTime "15:27:02 PST"]
[Termination "Morshynska won by resignation"]

1. e4 e5 2. Nf3 Nc6 3. Bb5 a6 4. Ba4 Nf6 5. d3 d6 6. c3 Bd7 7. O-O g6 8. Re1 Bg7 9. d4 O-O 10. h3 Qe8 11. d5 Ne7 12. Bxd7 Nxd7 13. c4 h6 14. Nc3 f5 15. Bd2 f4 16. g3 g5 17. gxf4 exf4 18. Kh2 Ng6 19. Qe2 Kf7 20. Rg1 Bf6 21. Na4 b5 22. Nc3 b4 23. Na4 a5 24.
Rab1 Qe7 25. b3 Rae8 26. Rge1 h5 27. Nb2 g4 28. hxg4 hxg4 29. Ng1 Bxb2 30. Rxb2 Qh4+ 31. Nh3 Qxh3+ 32. Kg1 Rh8 0-1

[Event "*** Titled Tuesday Blitz"]
[Site "Chess.com"]
[Date "2019.02.05"]
[Round "10"]
[White "GukeshDommaraju"]
[Black "Last7Samurai"]
[Result "1-0"]
[WhiteElo "2705"]
[BlackElo "2691"]
[TimeControl "180+2"]
[EndTime "15:27:03 PST"]
[Termination "GukeshDommaraju won by resignation"]

1. Nf3 d5 2. g3 Bg4 3. Bg2 Nd7 4.
O-O e6 5. h3 Bh5 6. d4 Bd6 7.
c4 c6 8. Qb3 Rb8 9. Nc3 Ne7 10.
e4 O-O 11. cxd5 exd5 12. exd5 cxd5 13. Nxd5 Nxd5 14. Qxd5 Nf6 15. Qb3 Re8 16. Be3 Ne4 17. Rfe1 Qf6 18. Ne5 Ng5 19. f4 Ne6 20. Nd7 Qg6 21.
g4 Bxg4 22. hxg4 Rbd8 23. f5 Qxg4 24. fxe6 Rxe6 25. Ne5 Bxe5 26. dxe5 Rg6 27. Qc2 h5 28. Rad1 Rc8 29. Qe2 Qg3 30. Qf2 Qg4 31. Rd4 Qe6 32. Rd6 Qg4 33. Rxg6 Qxg6 34. Rc1 Rd8 35. Kh2 1-0

[Event "*** Titled Tuesday Blitz"]
[Site "Chess.com"]
[Date "2019.02.05"]
[Round "10"]
[White "GMsKoRPioN"]
[Black "idvidal"]
[Result "1-0"]
[WhiteElo "2559"]
[BlackElo "2459"]
[TimeControl "180+2"]
[EndTime "15:27:03 PST"]
[Termination "GMsKoRPioN won on time"]

1. d4 Nf6 2. c4 e6 3. Nc3 Bb4 4. Qc2 O-O 5. a3 Bxc3+ 6. Qxc3 b6 7. Nf3 Ne4 8. Qc2 Bb7 9. g3 d6 10. Bg2 f5 11. O-O Nd7 12. Ng5 Nxg5 13. Bxb7 Rb8 14.
Bc6 Nf7 15. e4 e5 16. exf5 exd4 17. Bd5 Nf6 18. Be6 c5 19. Bf4 Kh8 20. Rfe1 Ng4 21. Qe2 Nge5 22. Bxe5 Nxe5 23. f4 Nd7 24. Qd3 Nf6 25. h3 d5 26. b3 Qd6 27. Re5 dxc4 28. bxc4 Rbe8 29. Rae1 h6 30. g4 Qd8 31. Qg3 Nh7 32. h4 Re7 33. g5 Qd6 34. Qd3 Rfe8 35. Kf2 Nf8 36. Qe4 Nxe6 37. fxe6 1-0

[Event "*** Titled Tuesday Blitz"]
[Site "Chess.com"]
[Date "2019.02.05"]
[Round "10"]
[White "HElissalt"]
[Black "yuki_chess123"]
[Result "1-0"]
[WhiteElo "2138"]
[BlackElo "2029"]
[TimeControl "180+2"]
[EndTime "15:27:17 PST"]
[Termination "HElissalt won by resignation"]

1. d4 g6 2. c3 Bg7 3. e4 d6 4. Be2 Nf6 5. Nd2 O-O 6. Ngf3 Nc6 7. O-O e5 8. dxe5 Nxe5 9. Nxe5 dxe5 10. Qc2 Be6 11.
Nc4 Nd7 12. a4 a5 13. Be3 Qe7 14. Rfd1 Rfd8 15. f3 Bf6 16. Qb3 b6 17. Qb5 Rac8 18. Qc6 Kg7 19. Na3 Bb3 20. Rd2 Nb8 21. Qb5 Rxd2 22.
Bxd2 Be6 23. Be3 Bd7 24. Qb3 Qe8 25. Bb5 Nc6 26. Rd1 Rd8 27. Rd2 Nb8 28. Qd1 Be7 29.
Nc4 c6 30. Bxb6 cxb5 31. Nxe5 Bc5+ 32. Bxc5 Qxe5 33. Bd4 f6 34. Bxe5 fxe5 35. axb5 1-0

[Event "*** Titled Tuesday Blitz"]
[Site "Chess.com"]
[Date "2019.02.05"]
[Round "10"]
[White "AsaHoffmann"]
[Black "Thefirstchess"]
[Result "0-1"]
[WhiteElo "2188"]
[BlackElo "2050"]
[TimeControl "180+2"]
[EndTime "15:27:18 PST"]
[Termination "Thefirstchess won by checkmate"]

1. d4 c5 2. dxc5 e6 3. Nc3 Bxc5 4. Ne4 d5 5. Nxc5 Qa5+ 6. c3 Qxc5 7. e4 dxe4 8. Qg4 Qe5 9. Bf4 Qf6 10. Bxb8 Rxb8 11.
Bb5+ Kf8 12. Qxe4 Ne7 13. Nf3 g6 14. O-O-O Kg7 15. h4 h5 16. Ng5 b6 17. Qd4 Bb7 18.
f3 Rhd8 19. Qa4 a6 20. Bxa6 Rxd1+ 21. Rxd1 Ra8 22. Qd7 Bxa6 23. Ne4 Qf4+ 24. Kc2 Nd5 25. Rxd5 exd5 26. Qxd5 Rf8 27. Qd4+ f6 28. Qxb6 Bf1 29. Nc5 Qf5+ 30. Kb3 Qd5+ 31. Kc2 Re8 32. Qb7+ Qxb7 33. Nxb7 Bxg2 34. b4 Bxf3 35. Nc5 g5 36. a4 gxh4 37. Nd3 h3 38. Nf2 Re2+ 39. Kd3 Rxf2 40. Ke3 Rg2 41. Kxf3 Rg4 42. a5 h2 43. a6 h1=Q+ 44. Ke3 Qh3+ 45. Kd2 Rg2+ 46. Kc1 Qh1# 0-1

[Event "*** Titled Tuesday Blitz"]
[Site "Chess.com"]
[Date "2019.02.05"]
[Round "10"]
[White "DonPreuss"]
[Black "PowerThinking2650"]
[Result "0-1"]
[WhiteElo "2194"]
[BlackElo "2258"]
[TimeControl "180+2"]
[EndTime "15:27:21 PST"]
[Termination "PowerThinking2650 won by checkmate"]

1. d4 Nf6 2. Nc3 d5 3. e4 dxe4 4. f3 exf3 5. Nxf3 e6 6. Bd3 b6 7. O-O Bb7 8. Qe1 Nbd7 9. Bg5 Be7 10. Qh4 c5 11. Bb5 a6 12. Bd3 cxd4 13. Ne2 Nd5 14. Qh5 N5f6 15. Qh4 e5 16. Ng3 e4 17. Nf5 Kf8 18.
Nxg7 exf3 19. Qh6 Ng8 20. Ne6+ Ke8 21. Ng7+ Kf8 22. Ne6+ Ke8 23. Qg7 fxe6 24. Qxh8 Bxg5 25. Qxg8+ Nf8 26. Bxh7 Be7 27. Rfe1 Kd7 28. gxf3 Nxh7 29. Qxh7 Qg8+ 30. Qxg8 Rxg8+ 31. Kh1 Bxf3# 0-1

[Event "*** Titled Tuesday Blitz"]
[Site "Chess.com"]
[Date "2019.02.05"]
[Round "10"]
[White "AndrBaryshpolets"]
[Black "Parhamov"]
[Result "0-1"]
[WhiteElo "2636"]
[BlackElo "2962"]
[TimeControl "180+2"]
[EndTime "15:27:22 PST"]
[Termination "Parhamov won by resignation"]

1. d4 Nf6 2. c4 g6 3. Nc3 d5 4. cxd5 Nxd5 5. e4 Nxc3 6. bxc3 Bg7 7. Nf3 c5 8. Be3 O-O 9. Be2 b6 10. O-O Bb7 11. Qd3 Nc6 12. d5 Na5 13. Rad1 e6 14.
c4 Ba6 15. Qc2 exd5 16. exd5 Qd7 17. Rfe1 Rae8 18. Bd3 Nb7 19. a4 Nd6 20. a5 h6 21.
axb6 axb6 22. Rb1 Rb8 23. Qa2 Ra8 24. Qc2 b5 25. cxb5 Bxb5 26. Bxb5 Nxb5 27. Qd3 c4 28. Qd2 Nc3 29. Rbc1 Ra2 30. Rc2 Rxc2 31. Qxc2 Qxd5 32.
Bd2 Nb5 33. Rc1 c3 34. Be3 Ra8 35. h3 Ra2 36. Qd1 Qxd1+ 37. Rxd1 c2 38. Rd8+ Kh7 39. Rc8 Nc3 40. Kh2 Ra1 41. Nd4 c1=Q 42. Bxc1 Rxc1 0-1

[Event "*** Titled Tuesday Blitz"]
[Site "Chess.com"]
[Date "2019.02.05"]
[Round "10"]
[White "HrvojeZagreb"]
[Black "Andrew-FB00"]
[Result "1/2-1/2"]
[WhiteElo "2108"]
[BlackElo "1894"]
[TimeControl "180+2"]
[EndTime "15:27:22 PST"]
[Termination "Game drawn by repetition"]

1. d4 Nf6 2. Bf4 e6 3. e3 d5 4. Nf3 Bd6 5. Bg3 b6 6. Bd3 O-O 7. Qe2 c5 8. c3 Bb7 9. Nbd2 Ne4 10. Bxe4 dxe4 11. Ne5 Bxe5 12. Bxe5 cxd4 13. exd4 f5 14. O-O Nd7 15. f3 Nxe5 16. dxe5 exf3 17. Nxf3 Bxf3 18.
Rxf3 Qc7 19. Rd1 Rfd8 20. Rfd3 Rxd3 21. Rxd3 Rd8 22. Rxd8+ Qxd8 23. h3 Qd5 24. a3 g6 25.
Kh1 Kf7 26. c4 Qd4 27. Kh2 Ke7 28. b4 Qc3 29. b5 Qxa3 30. Qd2 Qc5 31. Qg5+ Kd7 32.
Qf4 g5 33. Qxg5 Qxe5+ 34. Kh1 Qe1+ 35. Kh2 Qe5+ 36. Kh1 Qa1+ 37. Kh2 Qe5+ 38. Kh1 Qe1+ 39. Kh2 Qe5+ 40. Kh1 1/2-1/2

[Event "*** Titled Tuesday Blitz"]
[Site "Chess.com"]
[Date "2019.02.05"]
[Round "10"]
[White "dmosesov"]
[Black "Redbandit87"]
[Result "1-0"]
[WhiteElo "2364"]
[BlackElo "2375"]
[TimeControl "180+2"]
[EndTime "15:27:25 PST"]
[Termination "dmosesov won by checkmate"]

1. Nf3 Nf6 2. c4 c5 3. g3 Nc6 4. Bg2 e5 5. O-O d6 6. d3 g6 7. Nc3 Bg7 8. a3 O-O 9. Rb1 a5 10. Bg5 Be6 11. Qd2 Re8 12. Ne1 Qd7 13. Nc2 Nd4 14.
Nxd4 exd4 15. Nb5 d5 16. Bxf6 Bxf6 17. cxd5 Qxb5 18. dxe6 Rxe6 19. Rfc1 Rae8 20. Bf3 Kg7 21. b4 cxb4 22. axb4 a4 23. Rc5 Qd7 24. Rbc1 Be5 25.
Qa2 Ra6 26. b5 Ra5 27. b6 Rxc5 28. Rxc5 f6 29. Rd5 Qc6 30. Kg2 Qxb6 31. Rd7+ Kh6 32. Qf7 g5 33. Qxh7# 1-0

[Event "*** Titled Tuesday Blitz"]
[Site "Chess.com"]
[Date "2019.02.05"]
[Round "10"]
[White "ChessMavenYeti"]
[Black "Walter_White_Poland"]
[Result "0-1"]
[WhiteElo "2232"]
[BlackElo "2203"]
[TimeControl "180+2"]
[EndTime "15:27:34 PST"]
[Termination "Walter_White_Poland won by resignation"]

1. d4 Nf6 2. c4 c5 3. d5 e6 4.
Nc3 exd5 5. cxd5 d6 6. g3 g6 7. Bg2 Bg7 8. Nf3 O-O 9. O-O a6 10. a4 Re8 11. Nd2 Nbd7 12. h3 Rb8 13. Nc4 Ne5 14. Na3 Nh5 15. e4 Bd7 16. Re1 b5 17. f4 b4 18. fxe5 Bxe5 19. Nc4 Bxg3 20. Rf1 bxc3 21.
bxc3 Qh4 22. Qf3 f5 23. exf5 Bxf5 24. Ne3 Bxh3 25. Bxh3 Qxh3 26. Qf7+ Kh8 27. Ra2 Rf8 28. Qxf8+ Rxf8 29. Rxf8+ Kg7 30. Rf1 Bf4 31. Rg2 Bxe3+ 32. Bxe3 Qxe3+ 33. Kh1 Qxc3 34. Kh2 Qe5+ 35. Kg1 Qxd5 36.
Re2 Qd4+ 37. Kg2 Nf4+ 38. Rxf4 Qxf4 39. Re7+ Kh6 40. Ra7 Qxa4 41. Kg3 a5 42. Kg2 Qe4+ 43. Kh2 a4 44. Kg1 Qb4 45. Kf2 a3 46. Ke3 a2 47.
Kd3 Qb1+ 48. Kc4 a1=Q 49. Ra8 Qxa8 0-1

[Event "*** Titled Tuesday Blitz"]
[Site "Chess.com"]
[Date "2019.02.05"]
[Round "10"]
[White "riconaipe"]
[Black "ezkybel"]
[Result "0-1"]
[WhiteElo "2410"]
[BlackElo "2278"]
[TimeControl "180+2"]
[EndTime "15:27:36 PST"]
[Termination "ezkybel won by resignation"]

1. d4 e6 2. c4 Bb4+ 3. Bd2 Qe7 4. g3 Nf6 5. Bg2 Nc6 6. Nf3 O-O 7.
O-O Bxd2 8. Qxd2 d6 9. Nc3 e5 10. dxe5 dxe5 11. Nd5 Qd6 12. Rfd1 Bg4 13. Qc3 Bxf3 14.
Bxf3 Nd4 15. Rd2 Nxd5 16. Bxd5 c6 17. e3 cxd5 18. exd4 e4 19. c5 Qe6 20. b4 f5 21.
b5 f4 22. c6 f3 23. Qc1 bxc6 24.
bxc6 Rac8 25. Rc2 Rc7 26. Rb1 Rfc8 27. Rb7 h6 28. Rxc7 Rxc7 29. h4 Kh7 30. Kh2 Qf6 31.
Qf4 Rxc6 32. Qxf6 Rxf6 33. g4 Ra6 34. Kg3 Ra4 35. Rd2 g5 36. h5 Kg7 37. Rc2 Rxd4 38. Rc7+ Kf6 39. Rc6+ Ke5 40. Rxh6 Rd1 41. Rg6 Rg1+ 42. Kh3 e3 43. Rxg5+ Ke4 44. fxe3 f2 45.
Rf5 f1=Q+ 46. Rxf1 Rxf1 47. g5 Kf5 0-1

[Event "*** Titled Tuesday Blitz"]
[Site "Chess.com"]
[Date "2019.02.05"]
[Round "10"]
[White "Romn69"]
[Black "RiskyDecision"]
[Result "0-1"]
[WhiteElo "2238"]
[BlackElo "2404"]
[TimeControl "180+2"]
[EndTime "15:27:44 PST"]
[Termination "RiskyDecision won on time"]

1. d4 Nf6 2. Nf3 d5 3. c4 e6 4. g3 dxc4 5. Bg2 Bd7 6. Ne5 Bc6 7. Nxc6 Nxc6 8. e3 Qd7 9. Qe2 e5 10. Qxc4 exd4 11. exd4 Nxd4 12. O-O Be7 13. Nc3 O-O 14. Bxb7 Rab8 15. Bg2 c5 16. Rb1 Qg4 17. Qd3 Rfd8 18. h3 Qh5 19. Bf4 Ne6 20. Qe3 Nxf4 21. Qxf4 Bd6 22.
Qf3 Qxf3 23. Bxf3 Be5 24. Rfc1 Rd2 25. Na4 Bd4 26. Rf1 Rb4 27. Nc3 Rbxb2 28. Rxb2 Rxb2 29.
Nd5 Rxa2 30. Ne7+ Kf8 31. Nc6 g6 32. Nxd4 cxd4 33. Rd1 Ra4 34. Kf1 Ke7 35. Ke2 Kd6 36.
Rb1 Ra2+ 37. Ke1 Nd5 0-1

[Event "*** Titled Tuesday Blitz"]
[Site "Chess.com"]
[Date "2019.02.05"]
[Round "10"]
[White "Vadim_Biliy"]
[Black "AkibaRubi"]
[Result "1-0"]
[WhiteElo "2134"]
[BlackElo "2504"]
[TimeControl "180+2"]
[EndTime "15:27:46 PST"]
[Termination "Vadim_Biliy won by resignation"]

1. e4 e5 2. Nf3 Nc6 3. Bc4 Bc5 4. d3 Nf6 5. Nc3 d6 6. h3 Be6 7. Bb5 h6 8. a3 a6 9. Bxc6+ bxc6 10. Be3 Bb6 11. Qd2 Rb8 12. Bxb6 Rxb6 13. b3 O-O 14. O-O Nh5 15. d4 exd4 16. Nxd4 Bd7 17. a4 Re8 18.
Rfe1 Nf6 19. Qd3 c5 20. Nf3 Bc6 21. Nd5 Bxd5 22. exd5 Qa8 23. Rxe8+ Qxe8 24. Re1 Qd7 25. c4 c6 26. dxc6 Rxc6 27. Rd1 Rb6 28. Qe3 Qd8 29.
Qxc5 Rxb3 30. Rxd6 Qb8 31. Qe5 Rb1+ 32. Kh2 Rb6 33.
c5 Rb4 34. c6 Rxa4 35. g3 Rc4 36. Rxf6 gxf6 37. Qxb8+ 1-0

[Event "*** Titled Tuesday Blitz"]
[Site "Chess.com"]
[Date "2019.02.05"]
[Round "10"]
[White "StoreySniper"]
[Black "nocnypako"]
[Result "1-0"]
[WhiteElo "2327"]
[BlackElo "2224"]
[TimeControl "180+2"]
[EndTime "15:27:48 PST"]
[Termination "StoreySniper won on time"]

1. e4 e6 2. c4 b6 3. d4 Bb7 4. Bd3 g6 5. Nc3 Bg7 6. Nge2 Ne7 7. d5 O-O 8. h4 f5 9. h5 e5 10. Bg5 f4 11. hxg6 hxg6 12. c5 d6 13. c6 Bc8 14.
Ng1 Qe8 15. Be2 Na6 16. Bg4 Qf7 17. Bxc8 Raxc8 18. Qg4 Bf6 19. Nf3 Nc5 20. O-O-O b5 21. b4 Na4 22. Nxb5 a6 23. Bxf6 Qxf6 24. Na3 Nc3 25. Ng5 f3 26. gxf3 Nxd1 27. Kxd1 Rfe8 28. Nc2 Nxd5 29. exd5 e4 30. Nxe4 Qf5 31. Qxf5 gxf5 32.
Nf6+ 1-0

[Event "*** Titled Tuesday Blitz"]
[Site "Chess.com"]
[Date "2019.02.05"]
[Round "10"]
[White "vovachesss"]
[Black "metra93"]
[Result "0-1"]
[WhiteElo "2579"]
[BlackElo "2578"]
[TimeControl "180+2"]
[EndTime "15:27:53 PST"]
[Termination "metra93 won on time"]

1. Nc3 d5 2. e4 e6 3. d4 Bb4 4.
exd5 exd5 5. Bd3 Nc6 6. Ne2 Nge7 7. O-O Bf5 8. a3 Ba5 9. Ng3 Bxd3 10. Qxd3 Bxc3 11.
Qxc3 O-O 12. Qd3 Qd7 13. Re1 Rae8 14. Bd2 Nc8 15. Nh5 Qg4 16. Nf4 Nb6 17. h3 Qd7 18.
Nh5 f6 19. b3 Nc8 20. Nf4 Nb6 21. a4 Nd8 22. a5 Nc8 23. Bb4 Rxe1+ 24. Rxe1 Rf7 25.
Nxd5 Nc6 26. Ba3 Nxa5 27. Qe4 h5 28. Qe8+ Qxe8 29. Rxe8+ Kh7 30. Rxc8 Rd7 31. c4 c6 32.
Ne7 Nxb3 33. f4 c5 34. Nd5 cxd4 35. Kf2 b5 36. Nb4 d3 37. Nxd3 Rxd3 38. cxb5 Nd4 39.
Bf8 Nxb5 40. Rb8 Nd6 41. Rd8 Ne4+ 42. Ke2 Rxd8 0-1

[Event "*** Titled Tuesday Blitz"]
[Site "Chess.com"]
[Date "2019.02.05"]
[Round "10"]
[White "SolidAsARook"]
[Black "Sashadav97"]
[Result "0-1"]
[WhiteElo "2205"]
[BlackElo "2619"]
[TimeControl "180+2"]
[EndTime "15:27:53 PST"]
[Termination "Sashadav97 won by resignation"]

1. c4 e6 2. g3 d5 3. Bg2 Nf6 4. Nf3 dxc4 5. Na3 Bxa3 6. bxa3 O-O 7. Bb2 Nc6 8. Qc2 Re8 9. Ng5 e5 10. Qxc4 Re7 11. Ne4 Nxe4 12. Bxe4 Nd4 13. Bxd4 exd4 14.
Bd3 Be6 15. Qc5 Bd5 16. O-O Bc6 17. Rac1 Qd7 18. f3 h6 19. Rf2 a6 20. Bf5 Qe8 21.
Bd3 Rd8 22. Qf5 g6 23. Qf4 Kg7 24. Rc4 Qd7 25. Rc5 Qd6 26. Qxd6 Rxd6 27. Rf1 Bb5 28. Bxb5 axb5 29. Kf2 c6 30. Re1 Re8 31. Rb1 Ra8 32. Rb3 Kf6 33. f4 Ke6 34. Rc2 f5 35. e3 Kd5 36. Rd3 Ra4 37. Ke2 Rd8 38. Rb2 Rc4 39. Rb4 Kc5 40. Rdb3 Ra8 41. Rxc4+ Kxc4 42. d3+ Kd5 43.
Kf3 dxe3 44. Kxe3 Ra4 45. h3 b6 46. g4 fxg4 47. hxg4 g5 48. f5 Rxg4 0-1